[Event "Titled Tuesday Blitz May 9 Early 2023"]
[White "Ibarra Jerez, Jose Carlos"]
[Black "Seemann, Jakub"]
[WhiteFideId "2226332"]
[BlackFideId "21874697"]
[WhiteElo "2638"]
[BlackElo "2364"]
[Result "1/2-1/2"]
[Round "10"]
[TimeControl "180+2"]
[Date "2023.05.09"]
[WhiteClock "0:00:05"]
[BlackClock "0:00:08"]

1. e4 c6 2. Nf3 d5 3. d3 Qc7 4. exd5 cxd5 5. c4 Nf6 6. Nc3 e6 7. a3 Be7 8. g3 O-O 9. Qe2 Nc6 10. Bg2 a6 11. O-O dxc4 12. dxc4 e5 13. Re1 Bg4 14. Qe3 Bxf3 15. Qxf3 Nd4 16. Qxb7 Qxb7 17. Bxb7 Rab8 18. Be4 Nxe4 19. Rxe4 Nb3 20. Rb1 Nxc1 21. Rxc1 Rxb2 22. Rxe5 Bxa3 23. Ra1 Bb4 24. Nd5 a5 25. Ra4 g6 26. Kg2 Kg7 27. Nxb4 axb4 28. Rc5 Re8 29. Kf3 Ree2 30. Rxb4 Rxf2+ 31. Ke3 Rbe2+ 32. Kd3 Re8 33. Rb7 Rxh2 34. Rcc7 Rf2 35. c5 Rf6 36. Kc4 h5 37. Re7 Rc8 38. Rbc7 Rxc7 39. Rxc7 Rf3 40. c6 Rxg3 41. Rd7 Rg1 42. Rd3 Rg4+ 43. Kb5 Rg1 44. Rc3 Rb1+ 45. Ka6 Rb8 46. c7 Re8 47. c8=Q Rxc8 48. Rxc8 g5 49. Kb5 h4 50. Kc4 Kg6 51. Kd3 Kf5 52. Ke3 Kg4 53. Kf2 f5 54. Rc4+ Kh3 55. Rc5 g4 56. Rxf5 Kh2 57. Rh5 g3+ 58. Kf3 h3 59. Rg5 g2 60. Kf2 g1=Q+ 61. Rxg1 1/2-1/2


[Site "https://www.chess.com"]

[Event "Titled Tuesday Blitz May 9 Early 2023"]
[White "Prohaszka, Peter"]
[Black "Domingo Nunez, Ruben"]
[WhiteFideId "726265"]
[BlackFideId "22245570"]
[WhiteElo "2626"]
[BlackElo "2404"]
[Result "0-1"]
[Round "10"]
[TimeControl "180+2"]
[Date "2023.05.09"]
[WhiteClock "0:00:00"]
[BlackClock "0:01:02"]

1. d4 g6 2. Nf3 Bg7 3. c3 Nf6 4. Bf4 O-O 5. Nbd2 d5 6. h3 c6 7. e3 Nbd7 8. Bd3 Re8 9. Bh2 a5 10. a4 Nh5 11. O-O e5 12. dxe5 Nxe5 13. Nxe5 Bxe5 14. Bxe5 Rxe5 15. Nf3 Re8 16. Qc2 Qf6 17. Nd4 Qg5 18. Kh1 Bd7 19. c4 Rad8 20. cxd5 Qxd5 21. Bc4 Qe5 22. Qb3 Re7 23. Rad1 Kg7 24. Qc3 Nf6 25. Ne2 Ne4 26. Qxe5+ Rxe5 27. Kg1 Ree8 28. Bb3 Bc8 29. Rxd8 Rxd8 30. Rd1 Rd2 31. Rxd2 Nxd2 32. Bc2 Be6 33. f3 Nc4 34. Kf2 Nxb2 35. Nd4 Bc4 36. Ke1 b5 37. axb5 cxb5 38. f4 a4 39. Bb1 a3 40. Kd2 a2 41. Bxa2 Bxa2 42. Nxb5 Nc4+ 43. Kd3 Nb6 44. Nd4 Bc4+ 45. Kd2 Bf1 0-1


[Site "https://www.chess.com"]

[Event "Titled Tuesday Blitz May 9 Early 2023"]
[White "Averjanov, Alexey"]
[Black "Adhiban, B."]
[WhiteFideId "14109867"]
[BlackFideId "5018471"]
[WhiteElo "2713"]
[BlackElo "2587"]
[Result "1/2-1/2"]
[Round "10"]
[TimeControl "180+2"]
[Date "2023.05.09"]
[WhiteClock "0:00:34"]
[BlackClock "0:00:35"]

1. d4 e6 2. c4 c5 3. Nf3 cxd4 4. Nxd4 Nf6 5. g3 Bb4+ 6. Bd2 Bc5 7. Nb3 Bb6 8. Bg2 Nc6 9. O-O h5 10. h4 Ng4 11. c5 Bc7 12. Nc3 b6 13. Nb5 Be5 14. Nd6+ Bxd6 15. cxd6 Bb7 16. Bc3 O-O 17. Nd4 Rc8 18. Nb5 Na5 19. Nxa7 Bxg2 20. Nxc8 Qxc8 21. Kxg2 Qc6+ 22. Kg1 f6 23. Bxa5 bxa5 24. Rc1 Qb6 25. Rc7 Rf7 26. Qd2 a4 27. Kg2 f5 28. e3 Nf6 29. Qd4 Qb5 30. Rfc1 Ne4 31. R1c2 Kh7 32. f3 Nf6 33. Qc4 Qb8 34. Qc5 Nd5 35. Rc8 Qb7 36. Kf2 Qa6 37. Rd2 Nf6 38. Rb8 Ne4+ 39. fxe4 fxe4+ 40. Kg2 Qf1+ 41. Kh2 Rf2+ 42. Rxf2 Qxf2+ 43. Kh1 Qf1+ 44. Kh2 Qf2+ 45. Kh3 Qf1+ 46. Kh2 Qf2+ 1/2-1/2


[Site "https://www.chess.com"]

[Event "Titled Tuesday Blitz May 9 Early 2023"]
[White "Rakotomaharo, Fy Antenaina"]
[Black "Sarana, Alexey"]
[WhiteFideId "13100050"]
[BlackFideId "24133795"]
[WhiteElo "2427"]
[BlackElo "2714"]
[Result "0-1"]
[Round "10"]
[TimeControl "180+2"]
[Date "2023.05.09"]
[WhiteClock "0:00:03"]
[BlackClock "0:00:05"]

1. e4 e5 2. Nf3 Nc6 3. Bb5 a6 4. Ba4 Nge7 5. c3 d5 6. exd5 Qxd5 7. O-O Bg4 8. Bb3 Bxf3 9. Bxd5 Bxd1 10. Bxc6+ Nxc6 11. Rxd1 O-O-O 12. d3 Bc5 13. Be3 Be7 14. Kf1 f5 15. Ke2 Rd7 16. Nd2 Rhd8 17. Nf3 Bf6 18. g3 b5 19. h4 h6 20. a4 Kb7 21. axb5 axb5 22. Bc5 Rd5 23. Be3 b4 24. h5 f4 25. gxf4 exf4 26. Bxf4 Rxh5 27. d4 Rb5 28. c4 Rf5 29. Be3 Na5 30. b3 Nxb3 31. Rab1 Na5 32. Rxb4+ Kc8 33. d5 Nb7 34. Nd4 Bxd4 35. Bxd4 Re8+ 36. Kf1 g5 37. Rdb1 Nd8 38. Ra4 Re4 39. Bc5 Kd7 40. Rb8 Nf7 41. Rab4 g4 42. Kg2 Rff4 43. Rf8 h5 44. Be3 Rf3 45. Ba7 h4 46. Kg1 Re1+ 47. Kg2 h3+ 48. Kh2 Re4 49. Rg8 Ra3 50. Be3 Ne5 51. Rg7+ Kd6 52. c5+ Kxd5 53. Rxe4 Kxe4 54. Re7 c6 55. Kg3 Rd3 56. Re8 Rc3 57. Re7 Rc4 58. Re8 Kf5 59. Rf8+ Ke6 60. Re8+ Kf6 61. Rf8+ Ke7 62. Rh8 Rb4 63. Rh7+ Ke6 64. Rh6+ Kd5 65. Rh5 Rb3 66. Kh2 Ke4 67. Kg3 Rb1 68. Rh7 Rg1+ 69. Kh2 Nf3# 0-1


[Site "https://www.chess.com"]

[Event "Titled Tuesday Blitz May 9 Early 2023"]
[White "Leiva, Gianmarco"]
[Black "Costachi, Mihnea"]
[WhiteFideId "3804399"]
[BlackFideId "1217518"]
[WhiteElo "2365"]
[BlackElo "2456"]
[Result "0-1"]
[Round "10"]
[TimeControl "180+2"]
[Date "2023.05.09"]
[WhiteClock "0:00:00"]
[BlackClock "0:01:16"]

1. e4 e5 2. Nf3 Nc6 3. Bc4 Bc5 4. O-O d6 5. c3 Nf6 6. d3 h6 7. Bb3 a6 8. Re1 Ba7 9. d4 O-O 10. h3 Re8 11. Bc2 Qe7 12. Be3 exd4 13. cxd4 Nb4 14. Nc3 Nxc2 15. Qxc2 Nxe4 16. d5 Nxc3 17. Qxc3 Qd8 18. Bxa7 Rxe1+ 19. Rxe1 Rxa7 20. Qe3 Ra8 21. Qe8+ Qxe8 22. Rxe8+ Kh7 23. Nd4 b6 24. Re7 Bb7 25. Nc6 Bxc6 26. dxc6 Kg6 27. Rxc7 Kf6 28. Rb7 b5 29. c7 Rc8 30. Rb6 Ke6 31. Rxa6 Rxc7 32. Rb6 Rc5 33. a3 h5 34. g4 h4 35. Kg2 g5 36. Kf3 Re5 37. Rb7 f6 38. Kg2 Rd5 39. Kf1 Ke5 40. Ke2 Kf4 41. Rf7 Ke5 42. Re7+ Kd4 43. Rf7 Re5+ 44. Kf3 Re6 45. Rb7 Kc4 46. Rb6 Kc5 47. Rb8 d5 48. Rc8+ Kd4 49. Rb8 Kc4 50. Rc8+ Kb3 51. Rc5 d4 52. Rxb5+ Kc2 53. Rc5+ Kxb2 54. a4 d3 55. Rd5 Kc2 56. a5 Re5 57. Rxe5 fxe5 58. a6 d2 59. a7 d1=Q+ 0-1


[Site "https://www.chess.com"]

[Event "Titled Tuesday Blitz May 9 Early 2023"]
[White "Kucuksari, Kaan"]
[Black "Quesada Perez, Yuniesky"]
[WhiteFideId "6380166"]
[BlackFideId "3504409"]
[WhiteElo "2364"]
[BlackElo "2585"]
[Result "0-1"]
[Round "10"]
[TimeControl "180+2"]
[Date "2023.05.09"]
[WhiteClock "0:00:03"]
[BlackClock "0:00:29"]

1. d4 d5 2. c4 c6 3. cxd5 cxd5 4. Nc3 Nc6 5. Bf4 Nf6 6. e3 a6 7. Nf3 Bg4 8. Be2 e6 9. O-O Bxf3 10. Bxf3 Bd6 11. Bxd6 Qxd6 12. Rc1 O-O 13. Na4 Nd7 14. Nc5 Nxc5 15. Rxc5 Rfc8 16. Qc2 Qd7 17. Rc1 Ne7 18. Qb3 Rxc5 19. Rxc5 Rc8 20. Qb6 g6 21. g3 Kg7 22. Be2 Rc6 23. Rxc6 Nxc6 24. h4 Ne7 25. b3 Qc6 26. Qc5 Qxc5 27. dxc5 Nc6 28. a3 Kf6 29. b4 e5 30. Bg4 Na7 31. f4 e4 32. Kf2 Ke7 33. Ke2 f5 34. Bh3 Nb5 35. a4 Nc3+ 36. Kd2 Nxa4 37. Bf1 Kd7 38. Kc2 Kc6 39. Kb3 Nxc5+ 40. bxc5 Kxc5 41. h5 d4 42. h6 d3 43. Kc3 b5 44. Bh3 b4+ 45. Kb3 a5 46. g4 a4+ 47. Kb2 a3+ 48. Kb3 d2 49. Kc2 d1=Q+ 0-1


[Site "https://www.chess.com"]

[Event "Titled Tuesday Blitz May 9 Early 2023"]
[White "Salinas Herrera, Pablo"]
[Black "Matinian, Nikita"]
[WhiteFideId "3407128"]
[BlackFideId "24129100"]
[WhiteElo "2546"]
[BlackElo "2422"]
[Result "1/2-1/2"]
[Round "10"]
[TimeControl "180+2"]
[Date "2023.05.09"]
[WhiteClock "0:00:11"]
[BlackClock "0:00:08"]

1. e4 d6 2. d4 g6 3. Nf3 Bg7 4. Be2 Nf6 5. Nc3 O-O 6. O-O Nc6 7. d5 Nb8 8. Re1 Bg4 9. Bf1 e5 10. dxe6 fxe6 11. e5 Bxf3 12. Qxf3 Nd5 13. Qh3 Nxc3 14. Qxe6+ Kh8 15. bxc3 Bxe5 16. Re3 Nd7 17. Rh3 Qf6 18. Qxf6+ Rxf6 19. Rb1 Nc5 20. Be3 b6 21. c4 Raf8 22. Rd1 Ne6 23. g3 Bc3 24. Rh4 Bb4 25. Re4 Bc5 26. Rd2 R8f7 27. Bg2 Kg7 28. h4 Bxe3 29. Rxe3 Nc5 30. Bd5 Rd7 31. Rde2 Kh6 32. Re7 Rf8 33. Bc6 Rxe7 34. Rxe7 Na6 35. Bb5 Nb4 36. Rxc7 Nxa2 37. Rxa7 Nb4 38. Rb7 Nxc2 39. Rxb6 Rf6 40. c5 Nd4 41. Bf1 Nf3+ 42. Kh1 Ne1 43. cxd6 Rxf2 44. Bh3 Rd2 45. d7 Nf3 46. Bg2 Rd1+ 47. Bf1 Rxf1+ 48. Kg2 Rd1 49. Kxf3 Rxd7 50. Kg4 Kg7 51. Kh3 Rf7 52. Ra6 h5 53. Rb6 Re7 54. Rc6 Rf7 55. Rb6 Re7 56. Rc6 Rf7 57. Rb6 1/2-1/2


[Site "https://www.chess.com"]

[Event "Titled Tuesday Blitz May 9 Early 2023"]
[White "Gharibyan, Mamikon"]
[Black "Volkov, Maksim"]
[WhiteFideId "13308300"]
[BlackFideId "54123070"]
[WhiteElo "2445"]
[BlackElo "2297"]
[Result "1-0"]
[Round "10"]
[TimeControl "180+2"]
[Date "2023.05.09"]
[WhiteClock "0:00:21"]
[BlackClock "0:00:00"]

1. e4 e6 2. d4 d5 3. e5 c5 4. c3 Qb6 5. Nf3 Bd7 6. a4 Ne7 7. a5 Qc7 8. dxc5 Nbc6 9. a6 Nxe5 10. axb7 Nxf3+ 11. Qxf3 Qxb7 12. Ba6 Qc7 13. b4 Ng6 14. Qg3 e5 15. h4 h5 16. Na3 Be7 17. Nb5 Qb8 18. Ra5 O-O 19. Bg5 f6 20. Be3 Bg4 21. c6 Bd8 22. Ra1 f5 23. Bc5 Rf7 24. Bd6 Qb6 25. c7 Bxc7 26. Bxc7 Rxc7 27. Nxc7 Qxc7 28. Qe3 Nf4 29. O-O Rd8 30. Rfe1 e4 31. Bf1 Ng6 32. Rxa7 Qd6 33. b5 f4 34. Qd4 Ne5 35. c4 Qf6 36. Qc5 Ng6 37. Qc6 Be6 38. cxd5 Rxd5 39. Rxe4 Ne5 40. Qe8+ Kh7 41. Qxh5+ Kg8 42. Ra8+ 1-0


[Site "https://www.chess.com"]

[Event "Titled Tuesday Blitz May 9 Early 2023"]
[White "Martinez Ramirez, Lennis"]
[Black "Bacrot, Etienne"]
[WhiteFideId "3509079"]
[BlackFideId "605506"]
[WhiteElo "2410"]
[BlackElo "2672"]
[Result "1-0"]
[Round "10"]
[TimeControl "180+2"]
[Date "2023.05.09"]
[WhiteClock "0:00:04"]
[BlackClock "0:00:01"]

1. c4 c5 2. Nc3 Nc6 3. g3 g6 4. Bg2 Bg7 5. a3 d6 6. Rb1 Nf6 7. e3 Bg4 8. Nge2 O-O 9. O-O Qd7 10. d4 Bh3 11. dxc5 Bxg2 12. Kxg2 dxc5 13. Qxd7 Nxd7 14. e4 Rfd8 15. Bg5 Nde5 16. b3 h6 17. Bf4 Rd3 18. Rfd1 Rad8 19. Rxd3 Nxd3 20. Be3 Nd4 21. Bxd4 cxd4 22. Na4 Ne5 23. Rd1 d3 24. Nf4 b6 25. f3 e6 26. Kf2 Rc8 27. Nxd3 Nc6 28. Nb4 Na5 29. Rd3 Bf8 30. Nc2 Nxc4 31. bxc4 Rxc4 32. Nc3 Bg7 33. Ne3 Rxc3 34. Rxc3 Bxc3 35. Ke2 Bd4 36. Nc2 Bc5 37. Kd3 Kf8 38. h3 Ke7 39. Kc4 a6 40. a4 Kd6 41. Kd3 Bf2 42. g4 Ke5 43. Ke2 Bc5 44. Ne1 Kd4 45. Nd3 Bd6 46. Kd2 Kc4 47. Kc2 g5 48. e5 Be7 49. Nf2 Kb4 50. Ne4 Kxa4 51. Nf6 Bxf6 52. exf6 Ka3 53. f4 gxf4 54. h4 b5 55. g5 b4 56. g6 b3+ 57. Kc3 f3 58. gxf7 b2 59. f8=Q+ Ka2 60. Qb4 b1=Q 61. Qa4# 1-0


[Site "https://www.chess.com"]

[Event "Titled Tuesday Blitz May 9 Early 2023"]
[White "Mekhitarian, Krikor Sevag"]
[Black "Manukyan, Sargis A."]
[WhiteFideId "2107660"]
[BlackFideId "13303970"]
[WhiteElo "2604"]
[BlackElo "2187"]
[Result "1-0"]
[Round "10"]
[TimeControl "180+2"]
[Date "2023.05.09"]
[WhiteClock "0:00:24"]
[BlackClock "0:00:40"]

1. Nf3 d5 2. c4 e6 3. d4 Nf6 4. cxd5 exd5 5. Nc3 c6 6. Bf4 Be7 7. e3 O-O 8. Bd3 Nbd7 9. h3 Re8 10. O-O Nf8 11. Rb1 Ne6 12. Bh2 h6 13. b4 a6 14. a4 Ng5 15. Ne5 Nfe4 16. Nxe4 dxe4 17. Bc4 Bd6 18. h4 Bxe5 19. Bxe5 Nh3+ 20. gxh3 Rxe5 21. dxe5 Qxh4 22. e6 Qxh3 23. exf7+ Kh7 24. f8=Q Bg4 25. Qxa8 Bf3 26. Qg8+ Kg6 27. Qe6+ Kh7 28. Qxh3 1-0


[Site "https://www.chess.com"]

[Event "Titled Tuesday Blitz May 9 Early 2023"]
[White "Ohanyan, Emin"]
[Black "Sahib Singh"]
[WhiteFideId "13312022"]
[BlackFideId "25618342"]
[WhiteElo "2411"]
[BlackElo "1934"]
[Result "1-0"]
[Round "10"]
[TimeControl "180+2"]
[Date "2023.05.09"]
[WhiteClock "0:00:14"]
[BlackClock "0:00:55"]

1. e4 e6 2. d4 d5 3. Bd3 dxe4 4. Bxe4 Nf6 5. Bf3 Bd6 6. Ne2 O-O 7. O-O Nbd7 8. c4 e5 9. Nbc3 Re8 10. c5 e4 11. Nxe4 Bxh2+ 12. Kxh2 Nxe4 13. Nc3 Qh4+ 14. Kg1 Ndf6 15. g3 Qh3 16. Bg2 Qf5 17. Bf4 Nxc3 18. bxc3 c6 19. Re1 Rxe1+ 20. Qxe1 Be6 21. Qb1 Qh5 22. Qxb7 Re8 23. Re1 Ng4 24. d5 Qh2+ 25. Kf1 cxd5 26. c6 d4 27. Rxe6 fxe6 28. c7 Qh5 29. c8=Q Ne3+ 30. fxe3 Qd1+ 31. Kf2 Qd2+ 32. Kg1 Qd1+ 33. Bf1 Rxc8 34. Qxc8+ Kf7 35. Qd7+ Kg6 36. Qxe6+ Kh5 37. Qf5+ 1-0


[Site "https://www.chess.com"]

[Event "Titled Tuesday Blitz May 9 Early 2023"]
[White "Girya, Olga"]
[Black "Visakh N R"]
[WhiteFideId "4195752"]
[BlackFideId "25012223"]
[WhiteElo "2263"]
[BlackElo "2466"]
[Result "1-0"]
[Round "10"]
[TimeControl "180+2"]
[Date "2023.05.09"]
[WhiteClock "0:00:48"]
[BlackClock "0:00:00"]

1. d4 d5 2. Nf3 Nf6 3. c4 e6 4. Nc3 Bb4 5. Qb3 Nc6 6. a3 Ba5 7. Bg5 O-O 8. e3 h6 9. Bxf6 Qxf6 10. cxd5 exd5 11. Qxd5 Rd8 12. Qb5 a6 13. Qb3 Be6 14. Bc4 Bg4 15. Bd5 Qf5 16. h3 Bxh3 17. Bxf7+ Qxf7 18. Qxf7+ Kxf7 19. Rxh3 Kg8 20. Ke2 Bxc3 21. bxc3 b5 22. a4 Rdb8 23. Rh5 b4 24. Rc5 Nd8 25. cxb4 Rxb4 26. Rxc7 Ne6 27. Rc6 Ng5 28. Nxg5 hxg5 29. Ra2 a5 30. Rc5 g4 31. Rg5 Rc8 32. Rxg4 Rcc4 33. Rg6 Rxa4 34. Rxa4 Rxa4 35. Ra6 Ra2+ 36. Kf3 g5 37. Ra7 Kf8 38. d5 Ke8 39. e4 a4 40. e5 Rd2 41. Rxa4 Rxd5 42. Ke4 Rd2 43. Ke3 Rd5 44. Rd4 Ra5 45. Rg4 Ra3+ 46. Ke4 Ra2 47. f3 1-0


[Site "https://www.chess.com"]

[Event "Titled Tuesday Blitz May 9 Early 2023"]
[White "Molina, Roberto Junio Brito"]
[Black "Antal, Gergely"]
[WhiteFideId "2109450"]
[BlackFideId "717312"]
[WhiteElo "2376"]
[BlackElo "2471"]
[Result "1-0"]
[Round "10"]
[TimeControl "180+2"]
[Date "2023.05.09"]
[WhiteClock "0:00:44"]
[BlackClock "0:00:00"]

1. d4 f5 2. g3 Nf6 3. Bg2 e6 4. Nh3 d5 5. O-O Bd6 6. c4 c6 7. b3 O-O 8. Bf4 Be7 9. Nc3 h6 10. Qc2 g5 11. Be5 Nbd7 12. Rad1 Qe8 13. f3 Nxe5 14. dxe5 Nd7 15. f4 g4 16. Nf2 h5 17. h4 gxh3 18. Nxh3 Qg6 19. Kh2 Kh8 20. Bf3 Rg8 21. Rg1 Nc5 22. e3 Ne4 23. Nxe4 fxe4 24. Be2 Bd7 25. Rg2 Be8 26. Rdg1 Qh7 27. g4 hxg4 28. Bxg4 Bf7 29. cxd5 exd5 30. f5 Rxg4 31. Rxg4 Qxf5 32. Qf2 Qxe5+ 33. Kh1 Bh5 34. Nf4 Rf8 35. Qh2 Rxf4 36. exf4 Qf5 37. Rg5 Bxg5 38. Rxg5 1-0


[Site "https://www.chess.com"]

[Event "Titled Tuesday Blitz May 9 Early 2023"]
[White "Yaniuk, Volodymyr"]
[Black "Morefield, Jason"]
[WhiteFideId "14133083"]
[BlackFideId "30920825"]
[WhiteElo "2141"]
[BlackElo "2171"]
[Result "0-1"]
[Round "10"]
[TimeControl "180+2"]
[Date "2023.05.09"]
[WhiteClock "0:00:31"]
[BlackClock "0:01:36"]

1. d4 Nf6 2. c4 g6 3. Nc3 Bg7 4. e4 d6 5. Nf3 O-O 6. Be2 e5 7. O-O exd4 8. Nxd4 Re8 9. f3 c6 10. Be3 Nbd7 11. Qd2 a6 12. Bf2 Qc7 13. Rac1 Nc5 14. b4 Ne6 15. a4 a5 16. b5 Nc5 17. Rb1 Be6 18. Rfd1 Rad8 19. Nxe6 fxe6 20. Qc2 Nfd7 21. Bg3 Ne5 22. bxc6 bxc6 23. Qd2 Nf7 24. Bf2 Rb8 25. Bf1 Rb4 26. Qc2 Reb8 27. h4 Bxc3 28. Rbc1 Bg7 29. h5 Rb2 30. hxg6 hxg6 0-1


[Site "https://www.chess.com"]

[Event "Titled Tuesday Blitz May 9 Early 2023"]
[White "MKlose11"]
[Black "Fernandez Guillen, Ernesto J."]
[BlackFideId "3512428"]
[WhiteElo "2607"]
[BlackElo "2429"]
[Result "0-1"]
[Round "10"]
[TimeControl "180+2"]
[Date "2023.05.09"]
[WhiteClock "0:00:06"]
[BlackClock "0:00:25"]

1. e4 e5 2. Nf3 Nc6 3. d4 exd4 4. Bc4 g6 5. Nxd4 Bg7 6. Be3 Nge7 7. O-O O-O 8. Nc3 Ne5 9. Be2 d5 10. f4 Nd7 11. Nxd5 Nxd5 12. exd5 Re8 13. Bf2 Nf6 14. c4 Ne4 15. Bf3 Nxf2 16. Rxf2 Qf6 17. Nb5 Qb6 18. Qd2 a6 19. Nc3 Bd4 20. Rd1 Be3 21. Qc2 Bf5 22. Qe2 Bxf2+ 23. Qxf2 Re3 24. Na4 Qa7 25. c5 Rae8 26. b4 b6 27. d6 cxd6 28. cxd6 Bd7 29. Nb2 b5 30. Nd3 Qd4 31. Ne5 Qc3 32. h3 R8xe5 33. fxe5 Qxe5 34. Qd2 Kg7 35. Qd4 Qxd4 36. Rxd4 Kf6 37. Kf2 Ra3 38. Rd2 Ke5 39. g4 Ra4 40. Bd5 Rxb4 41. Bxf7 Rf4+ 42. Kg3 Rxf7 43. Re2+ Kxd6 44. Rc2 Bc6 45. Rd2+ Bd5 46. Re2 g5 47. Rd2 Rf3+ 48. Kh2 Rf1 0-1


[Site "https://www.chess.com"]

[Event "Titled Tuesday Blitz May 9 Early 2023"]
[White "Skliarov, Viktor"]
[Black "Kvaloy, Aksel Bu"]
[WhiteFideId "14106736"]
[BlackFideId "1528815"]
[WhiteElo "2317"]
[BlackElo "2242"]
[Result "0-1"]
[Round "10"]
[TimeControl "180+2"]
[Date "2023.05.09"]
[WhiteClock "0:00:03"]
[BlackClock "0:01:15"]

1. e4 e5 2. Nc3 Nf6 3. Bc4 Nxe4 4. Qh5 Nd6 5. Bb3 Be7 6. Qxe5 O-O 7. d4 b5 8. Nge2 Nc6 9. Qf4 Na5 10. Nd5 Bb7 11. Be3 Ndc4 12. Nec3 b4 13. Nxe7+ Qxe7 14. Nd1 Bxg2 15. Rg1 Bd5 16. Qh6 f5 17. Qf4 d6 18. h4 Rae8 19. Kf1 Nxb3 20. axb3 Nd2+ 21. Ke1 Nf3+ 22. Kf1 Nxg1 23. Kxg1 Qf6 24. Rxa7 Re4 25. Qg5 Rg4+ 0-1


[Site "https://www.chess.com"]

[Event "Titled Tuesday Blitz May 9 Early 2023"]
[White "Cherniaiev, Tykhon"]
[Black "wqws"]
[WhiteFideId "14182360"]
[WhiteElo "2450"]
[BlackElo "2567"]
[Result "1-0"]
[Round "10"]
[TimeControl "180+2"]
[Date "2023.05.09"]
[WhiteClock "0:00:05"]
[BlackClock "0:00:00"]

1. Nf3 d5 2. d4 Nf6 3. c4 e6 4. Nc3 Bb4 5. Bg5 h6 6. Bxf6 Qxf6 7. cxd5 exd5 8. Qa4+ Nc6 9. e3 O-O 10. Bb5 Bxc3+ 11. bxc3 Ne7 12. Be2 c6 13. O-O Bf5 14. c4 dxc4 15. Qxc4 Ng6 16. a4 Rfe8 17. a5 Rad8 18. Rfc1 Be4 19. Qb4 Nh4 20. Nxh4 Qxh4 21. Qxb7 c5 22. Qxa7 cxd4 23. f3 dxe3 24. fxe4 Qf2+ 25. Kh1 Qxe2 26. Re1 Qf2 27. Qxe3 Qc2 28. a6 Rd2 29. Qf3 Rf2 30. Qg3 Re2 31. a7 Rxe1+ 32. Qxe1 Qc6 33. h3 Kh7 34. Qe3 g6 35. Qf3 Kg7 36. Qf4 Ra8 37. Qe5+ Qf6 38. Qa5 Qe6 39. e5 Qf5 40. Qd5 Qc8 41. e6 fxe6 42. Qe5+ Kg8 43. Qf6 Qe8 44. Rd1 Rxa7 45. Rd8 1-0


[Site "https://www.chess.com"]

[Event "Titled Tuesday Blitz May 9 Early 2023"]
[White "Manukyan, Sargis V."]
[Black "Andreikin, Dmitry"]
[WhiteFideId "13303465"]
[BlackFideId "4158814"]
[WhiteElo "2236"]
[BlackElo "2736"]
[Result "0-1"]
[Round "10"]
[TimeControl "180+2"]
[Date "2023.05.09"]
[WhiteClock "0:00:08"]
[BlackClock "0:01:50"]

1. d4 Nf6 2. c4 c5 3. d5 b5 4. cxb5 a6 5. bxa6 Bxa6 6. Nc3 g6 7. Nf3 Bg7 8. e4 Bxf1 9. Kxf1 d6 10. a4 O-O 11. g3 Nbd7 12. Kg2 Qa5 13. Bd2 Rfb8 14. Nb5 Qa6 15. Nc7 Qb7 16. Nxa8 Nxe4 17. Re1 Ndf6 18. Bc3 Qxa8 19. Bxf6 Nxf6 20. Rxe7 Nxd5 21. Re1 Rxb2 22. a5 Bd4 23. Qa4 Nf4+ 24. gxf4 Rxf2+ 25. Kg1 Rf1+ 26. Kxf1 Qxf3# 0-1


[Site "https://www.chess.com"]

[Event "Titled Tuesday Blitz May 9 Early 2023"]
[White "Djordjevic, Vuk"]
[Black "HamedWafa4"]
[WhiteFideId "902098"]
[WhiteElo "2452"]
[BlackElo "2557"]
[Result "1/2-1/2"]
[Round "10"]
[TimeControl "180+2"]
[Date "2023.05.09"]
[WhiteClock "0:00:03"]
[BlackClock "0:00:10"]

1. d4 Nf6 2. Bg5 b6 3. Bxf6 exf6 4. Nf3 Bb7 5. e3 f5 6. Bd3 g6 7. O-O Bg7 8. c4 O-O 9. Nc3 d6 10. b4 Nd7 11. Rb1 Re8 12. a4 a5 13. b5 Nf6 14. Nd2 Bh6 15. Be2 Qe7 16. Bf3 Ne4 17. Rb3 Nxd2 18. Bxb7 Nxf1 19. Nd5 Qh4 20. Qxf1 Rab8 21. Bc6 Rec8 22. Bd7 Rd8 23. Bc6 Rdc8 24. g3 Qg5 25. h4 Qd8 26. Rd3 Bg7 27. Qe2 h5 28. e4 fxe4 29. Qxe4 Qf8 30. Ne7+ Kh7 31. Nxc8 Rxc8 32. Rf3 f5 33. Qd3 Qf6 34. Re3 Rf8 35. d5 Rf7 36. Kg2 Re7 37. Qe2 Rxe3 38. Qxe3 Qe5 39. Qg5 Bf6 40. Qd2 Qe4+ 41. Kg1 Be5 42. Qc1 f4 43. gxf4 Bxf4 44. Qd1 Be5 45. Bd7 Qxh4 46. Qf3 Kg7 47. Be6 Qf6 48. Qh3 Qg5+ 49. Kf1 Qc1+ 50. Kg2 Qxc4 51. Qf3 Qe4 52. Qxe4 Kf6 53. Qf3+ Kg5 54. Qf7 Kh6 55. Qg8 Bg7 56. Bf7 1/2-1/2


[Site "https://www.chess.com"]

[Event "Titled Tuesday Blitz May 9 Early 2023"]
[White "Goltsev, Dmitry"]
[Black "Boldoo, Erdenepurev"]
[WhiteFideId "24176710"]
[BlackFideId "4901037"]
[WhiteElo "2356"]
[BlackElo "2299"]
[Result "1-0"]
[Round "10"]
[TimeControl "180+2"]
[Date "2023.05.09"]
[WhiteClock "0:00:07"]
[BlackClock "0:00:04"]

1. e4 e6 2. d4 d5 3. exd5 exd5 4. Nf3 Nc6 5. c4 Bb4+ 6. Nc3 Nge7 7. Bd3 dxc4 8. Bxc4 O-O 9. O-O Bg4 10. Re1 Nf5 11. h3 Bxf3 12. Qxf3 Nfxd4 13. Qg4 Bxc3 14. bxc3 Nc2 15. Rd1 Ne5 16. Qe2 Qh4 17. Qxc2 Qxc4 18. Be3 Qc6 19. Bd4 Rfe8 20. Qf5 Qg6 21. Qf4 f6 22. Rab1 b6 23. Kh2 Rad8 24. Re1 Nd3 25. Rxe8+ Rxe8 26. Qxc7 Nxf2 27. Rf1 Ne4 28. Qxa7 Qg3+ 29. Kh1 Nd2 30. Qd7 Re1 31. Qd5+ Kf8 32. Rg1 Rxg1+ 33. Bxg1 Qe1 34. Qd8+ Kf7 35. Qxb6 Ne4 36. h4 Ng3+ 37. Kh2 Nf1+ 38. Kh1 Ng3+ 39. Kh2 Ne2 40. Bf2 Qd1 41. Qa7+ Kg6 42. Qe3 h5 43. Qe4+ Kf7 44. c4 Qd2 45. Qd5+ Qxd5 46. cxd5 Nc3 47. d6 Nxa2 48. Kg3 Ke6 49. Bc5 Nc3 50. Kf4 Nd5+ 51. Ke4 f5+ 52. Kd4 Nf6 53. Ba3 Ne4 54. d7 Kxd7 55. Ke5 g6 56. Bb4 Ke8 57. Ke6 Ng3 58. Kf6 Ne2 59. Bd6 Nc3 60. Kxg6 Nd1 61. Bf4 Nf2 62. Kxf5 Kf7 63. Kg5 Nd3 64. Bd2 Ne5 65. Kxh5 Ng6 66. Kg5 Ne5 67. Be3 Nc4 68. Bf4 Nb2 69. h5 Nd3 70. h6 Nf2 71. Kf5 Kg8 72. g4 Kh7 73. g5 Nh3 74. g6+ Kg8 75. h7+ Kg7 76. Be5+ Kf8 77. h8=Q+ Ke7 1-0


[Site "https://www.chess.com"]

[Event "Titled Tuesday Blitz May 9 Early 2023"]
[White "Hua, Lefong"]
[Black "surrenderPLS"]
[WhiteFideId "2602253"]
[WhiteElo "2705"]
[BlackElo "2534"]
[Result "1/2-1/2"]
[Round "10"]
[TimeControl "180+2"]
[Date "2023.05.09"]
[WhiteClock "0:01:03"]
[BlackClock "0:00:10"]

1. d4 Nf6 2. c4 g6 3. Nc3 Bg7 4. e4 d6 5. f4 c5 6. d5 O-O 7. Nf3 e6 8. Be2 exd5 9. cxd5 Bg4 10. O-O Bxf3 11. Bxf3 Nbd7 12. Re1 Ne8 13. Be3 Nc7 14. Bf2 Rb8 15. a3 b5 16. Qd2 Re8 17. Bg3 Bd4+ 18. Kh1 a5 19. Re2 b4 20. axb4 axb4 21. Na4 Ra8 22. e5 Nb6 23. Qd1 Ncxd5 24. Nxb6 Rxa1 25. Qxa1 Nxb6 26. Qa6 dxe5 27. fxe5 Re6 28. Qb7 h5 29. h4 Nd7 30. Bd5 Re7 31. e6 Ne5 32. exf7+ Kf8 33. Qa8 Qxa8 34. Bxa8 Nxf7 35. Rxe7 Kxe7 36. b3 Bf6 37. Be4 Nh8 38. Kg1 g5 39. hxg5 Bxg5 40. Kf2 h4 41. Bb8 Nf7 42. Kf3 Bf6 43. Kg4 Ne5+ 44. Bxe5 Bxe5 45. Kxh4 Kf6 46. Kh5 Bf4 47. g4 Bc1 48. Bd3 Bg5 49. Bc4 Bc1 50. Bd5 Bg5 51. Bc4 Bc1 52. Bd5 Bg5 53. Bc4 1/2-1/2


[Site "https://www.chess.com"]